 Dungeon Crawl Stone Soup version 0.28.0-62-gf88900778d (webtiles) character file.

Game seed: 9484388102456689245

445 cbfl8 the Chopper (level 6, -6/53 HPs)
             Began as a Minotaur Fighter on July 5, 2023.
             Was an Initiate of Hepliaklqana.
             Mangled by a wyvern zombie (12 damage)
             ... in an ossuary.
             The game lasted 00:03:04 (3027 turns).

cbfl8 the Chopper (Minotaur Fighter)                Turns: 3027, Time: 00:03:04

Health: -6/53      AC:  8    Str: 19 (20) XL:     6   Next: 72%
Magic:  5/5        EV:  9    Int:  2 (5)  God:    Hepliaklqana [......]
Gold:   139        SH:  4    Dex:  9 (12) Spells: 5/5 levels left

rFire   . . .      SeeInvis .   s - +3 war axe
rCold   + . .      Faith    .   c - +0 buckler
rNeg    . . .      Spirit   .   b - +0 scale mail
rPois   .          Reflect  .   (helmet restricted)
rElec   .          Harm     .   t - +0 cloak
rCorr   .          Rampage  .   g - +0 pair of gloves
Will    .....                   (no boots)
Stlth   ..........              d - amulet of regeneration
HPRegen 0.97/turn               p - ring of protection from cold
MPRegen 0.09/turn               (no ring)

@: no status effects
A: horns 2, retaliatory headbutt, talons 1, iridescent scales 1, deformed body,
wild magic 1
a: Renounce Religion


You were in an ossuary.
You worshipped Hepliaklqana.
Hepliaklqana was noncommittal.
You visited 2 branches of the dungeon, and saw 5 of its levels.
You also visited: Ossuary.

You collected 139 gold pieces.

Inventory:

Hand Weapons
 s - a +3 war axe (weapon)
Armour
 b - a +0 scale mail (worn)
 c - a +0 buckler (worn)
 g - a +0 pair of gloves (worn)
 t - a +0 cloak (worn)
Jewellery
 d - an amulet of regeneration (around neck)
 p - a ring of protection from cold (left hand)
Wands
 h - a wand of digging (5)
Scrolls
 e - a scroll of enchant armour {unknown}
 f - a scroll of noise
 j - a scroll of blinking
 k - 2 scrolls of fog
 l - a scroll of holy word
 m - a scroll of silence {unknown}


   Skills:
 + Level 4.5 Fighting
 + Level 5.6 Axes
 * Level 2.1 Throwing
 + Level 5.2 Armour
 - Level 0.1 Dodging
 + Level 0.2 Stealth
 + Level 4.1 Shields
 * Level 2.0 Evocations


You had 5 spell levels left.
You didn't know any spells.
Your spell library was empty.

Dungeon Overview and Level Annotations

Branches:
Dungeon (4/15)             Temple (1/1) D:4         Ossuary (1/1)

Altars:
Ashenzari
Hepliaklqana
Okawaru
Wu Jian

Shops:
D:3 (


Innate Abilities, Weirdness & Mutations

You have a pair of horns on your head.
You reflexively headbutt those who attack you in melee.
You have sharp toenails.
You are partially covered in iridescent scales. (AC +2)
Armour fits poorly on your strangely shaped body.
Your spells are a little harder to cast, but a little more powerful.


Message History

You barely miss the mummy.
The mummy is severely damaged.
You slash the mummy!
You destroy the mummy!
A wyvern zombie comes into view.
You block the mummy's attack.
Unknown command.
Unknown command.
You hit the mummy. You headbutt the mummy.
You destroy the mummy!
Unknown command.
A wyvern zombie comes into view.
A mummy comes into view.
The wyvern zombie bites you!
You are too injured to fight recklessly!
You are too injured to fight recklessly!
You are too injured to fight recklessly!
The wyvern zombie bites you! x2
* * * LOW HITPOINT WARNING * * *
The wyvern zombie bites you.
* * * LOW HITPOINT WARNING * * *
There is an open door, spattered with blood here.
You feel better. The wyvern zombie barely misses you. x3
You furiously retaliate!
You headbutt the wyvern zombie.
It was a potion of magic.
Magic courses through your body. The wyvern zombie barely misses you.
You block the wyvern zombie's attack.
Something unseen opens the door.
The wyvern zombie bites you.
* * * LOW HITPOINT WARNING * * *
It was a potion of mutation.
You feel extremely strange.
Your body twists and deforms.
Your toenails lengthen and sharpen.
Iridescent scales grow over part of your body.
You feel less in control of your magic.
A wyvern zombie comes into view.
The wyvern zombie bites you!
* * * LOW HITPOINT WARNING * * *
You block the wyvern zombie's attack.
It was a potion of degeneration.
There was something very wrong with that liquid.
You feel weakened.
You feel dopey.
You feel clumsy. The wyvern zombie bites you!
You die...

####### #.#.#.#
#+#'#'#'#+#'#'#
+...ZZ....Z...'
#.##@##+##+##.#
#...# #.∩.#
#..∩# #####


You could see 3 wyvern zombies.

Vanquished Creatures
  2 ogres
  A human zombie (D:4)
  A human skeleton (D:4)
  Terence (D:3)
  An orc wizard (D:4)
  3 mummies (Ossuary)
  Robin (D:2)
  3 gnolls (D:3)
  2 adders (D:3)
  An adder skeleton (D:4)
  3 dart slugs
  7 orcs
  2 endoplasms
  2 giant cockroaches (D:2)
  5 hobgoblins
  2 kobolds
  3 quokkas
  5 ball pythons
  A bat (D:3)
  3 frilled lizards
  11 goblins
  2 orc skeletons (D:4)
  An orc zombie (D:4)
  4 rats
  A butterfly (D:4)
68 creatures vanquished.

Vanquished Creatures (others)
  A withered plant (Ossuary)
1 creature vanquished.

Grand Total: 69 creatures vanquished

Notes
Turn   | Place    | Note
-------+----------+-------------------------------------------
     0 | D:1      | cbfl8 the Minotaur Fighter began the quest for the Orb.
     0 | D:1      | Reached XP level 1. HP: 19/19 MP: 0/0
   426 | D:1      | Reached skill level 1 in Evocations
   512 | D:1      | Reached XP level 2. HP: 26/26 MP: 1/1
   948 | D:2      | Noticed Robin
  1019 | D:1      | Reached XP level 3. HP: 22/31 MP: 2/2
  1214 | D:2      | Killed Robin
  1681 | D:3      | Found Poalluof's Weapon Boutique.
  1694 | D:3      | Found a faded altar of an unknown god.
  1881 | D:3      | Reached XP level 4. HP: 31/40 MP: 3/3
  1885 | D:3      | Reached skill level 1 in Throwing
  2076 | D:3      | Noticed Terence
  2081 | D:3      | Killed Terence
  2243 | D:3      | Reached XP level 5. HP: 46/46 MP: 4/4
  2498 | D:3      | Noticed an ogre
  2503 | D:3      | Killed an ogre
  2824 | D:4      | Found an ornate altar of the Wu Jian Council.
  2850 | D:4      | Found a staircase to the Ecumenical Temple.
  2866 | D:4      | Reached XP level 6. HP: 44/53 MP: 5/5
  2879 | Temple   | Entered the Ecumenical Temple
  2895 | Temple   | Became a worshipper of Hepliaklqana the Forgotten
  2938 | D:4      | Reached skill level 5 in Axes
  2938 | D:4      | Reached skill level 5 in Armour
  2993 | D:4      | Found a sand-covered staircase.
  3004 | Ossuary  | Entered an ossuary
  3026 | Ossuary  | Gained mutation: Armour fits poorly on your strangely
                  | shaped body. [potion of mutation]
  3026 | Ossuary  | Gained mutation: You have sharp toenails. [potion of
                  | mutation]
  3026 | Ossuary  | Gained mutation: You are partially covered in iridescent
                  | scales. (AC +2) [potion of mutation]
  3026 | Ossuary  | Gained mutation: Your spells are a little harder to cast,
                  | but a little more powerful. [potion of mutation]
  3027 | Ossuary  | Mangled by a wyvern zombie

Illustrated notes

Levels and vault maps discovered:
D:1:      psy_arrival_statuary, layout_loops_ring, minmay_misc_feat_tiny,
          minmay_misc_feat_hallway
D:2:      layout_basic, minivault_19, nrook_campfire, uniq_robin
D:3:      layout_basic, serial_shops, nicolae_shop_bloodbath_and_beyond,
          basic_ecumenical_altar, palyth_stone_intersect, corner_web_ring,
          dk_vineyard_1, uniq_terence
D:4:      cheibrodos_old_hovel, layout_loops_ring, nzn_wu_jian_contemplation,
          mainiacjoe_overflow_brackets, minmay_temple_entry_butterflies,
          nicolae_ossuary_entry_catacombs, uniq_blork_the_orc
Temple:   dpeg_three_leaves_temple
Ossuary:  ossuary_zaba_flooded

Skill      XL: |  1  2  3  4  5  6 |
---------------+-------------------+-----
Evocations     | 1 2 |  2.0
Armour         | 4 5 |  5.2
Axes           | 3 4 5 |  5.6
Shields        | 4 |  4.1
Fighting       | 4 |  4.5
Throwing       | 1 2 |  2.1
Dodging        | |  0.1
Stealth        | |  0.2

Action                   |  1- 3 |  4- 6 || total
-------------------------+-------+-------++-------
Melee: War axe           |    58 |    72 ||   130
       Headbutt          |     9 |    16 ||    25
  Use: Scroll            |     4 |     1 ||     5
       Potion            |     1 |     5 ||     6
Armor: Scale mail        |    36 |    23 ||    59
Dodge: Dodged            |    34 |    33 ||    67
Block: Buckler           |    18 |    13 ||    31
